 Dungeon Crawl Stone Soup version 0.29.0-4-gdea44cf6ec (webtiles) character file.

Game seed: 2830470227340307341

93 qw the Ruffian (level 4, 0/35 HPs)
             Began as a Ghoul Fire Elementalist on Aug 29, 2022.
             Slain by a giant cockroach (1 damage)
             ... on level 2 of the Dungeon.
             The game lasted 00:02:19 (2403 turns).

qw the Ruffian (Ghoul Fire Elementalist)            Turns: 2403, Time: 00:02:20

Health: 0/35       AC:  7    Str: 13    XL:     4   Next: 61%
Magic:  5/5        EV:  9    Int: 10    God:
Gold:   73         SH:  0    Dex:  9    Spells: 5/6 levels left

rFire   . . .      SeeInvis .     - Unarmed
rCold   + . .      Faith    .   (no shield)
rNeg    + + +      Spirit   .   b - +0 scale mail
rPois   inf        Reflect  .   (no helmet)
rElec   .          Harm     .   d - +0 cloak
rCorr   .          Rampage  .   (no gloves)
Will    .....                   (no boots)
Stlth   ..........              (no amulet)
HPRegen 0.00/turn               (no ring)
MPRegen 0.09/turn               (no ring)

@: inhibited regen
A: claws 1, cold resistance 1, negative energy resistance 3, inhibited
regeneration, torment resistance 2, devour on kill
a: no special abilities


You were on level 2 of the Dungeon.
You visited 1 branch of the dungeon, and saw 2 of its levels.

You collected 73 gold pieces.


Innate Abilities, Weirdness & Mutations

You are immune to poison.
You have sharp fingernails.
Your flesh is cold resistant. (rC+)
You are immune to negative energy. (rN+++)
You do not regenerate when monsters are visible.
You are immune to unholy pain and torment.
You thrive by killing the living.


   Skills:
 + Level 1.4 Fighting
 - Level 1.7 Dodging
 - Level 2.1 Stealth
 - Level 4.1 Unarmed Combat
 - Level 1.7 Spellcasting
 - Level 0.7 Conjurations
 - Level 2.4 Fire Magic


You had 5 spell levels left.
You knew the following spells:

 Your Spells              Type           Power      Damage    Failure   Level
a - Foxfire               Conj/Fire      16%        2x1d4     63%         1

Your spell library contained the following spells:

 Spells                   Type           Power      Damage    Failure   Level
 Scorch                   Fire           10%        2d6       65%         2
 Conjure Flame            Conj/Fire      4%         6-21      94%         3
 Inner Flame              Hex/Fire       3%         N/A       96%         3
 Flame Wave               Conj/Fire      4%         2d5       100%        4

Inventory:

Armour
 b - a +0 scale mail (worn)
 d - a +0 cloak (worn)
Potions
 a - 2 potions of mutation {unknown}
 c - a potion of might
 e - a potion of haste {unknown}
 g - a potion of degeneration {unknown}
 i - a potion of heal wounds {unknown}

Dungeon Overview and Level Annotations

Branches:
Dungeon (2/15)

Altars:


Message History

The giant cockroach is severely wounded.
The giant cockroach completely misses you.
You closely miss the giant cockroach.
The giant cockroach is severely wounded.
The giant cockroach bites you but does no damage.
You closely miss the giant cockroach.
The giant cockroach is severely wounded.
The giant cockroach bites you but does no damage.
You claw the giant cockroach!
You kill the giant cockroach!
You see here a giant cockroach corpse.
There is an open door here.
Found a stone staircase leading down.
There is a stone staircase leading down here.
A gnoll comes into view. It is wielding a +0 whip.
The gnoll shouts!
A gnoll comes into view. It is wielding a +0 halberd.
A gnoll comes into view. It is wielding a +0 halberd.
The gnoll shouts! x2; You hear a shout!
A gnoll comes into view. It is wielding a +0 club.
A goblin comes into view. It is wielding a +0 club.
The goblin shouts!
A giant cockroach comes into view.
The gnoll hits you from afar with a +0 halberd!
The gnoll hits you with a +0 whip.
You claw the gnoll!
The gnoll is severely wounded.
An endoplasm comes into view.
The gnoll hits you from afar with a +0 halberd. x2
The gnoll hits you with a +0 whip.
You barely miss the gnoll.
The gnoll is severely wounded.
The gnoll hits you from afar with a +0 halberd.
The gnoll hits you but does no damage.
The gnoll hits you from afar with a +0 halberd.
You barely miss the gnoll.
The gnoll is severely wounded.
The gnoll closely misses you. The gnoll barely misses you.
The gnoll closely misses you. The giant cockroach bites you.
You die...

#..#......#
#........
#.#########
#........ #..#
######### ##.#
#..# #.## .
#..###### ...
##>....B#J....
###..@gg.....
#.'..g.g.....
#.#....g.l...
#............
.............
#.######..J.##
#. ..#.# #
.....


You could see 4 gnolls, 2 endoplasms, a giant cockroach, a goblin and a frilled
lizard.

Vanquished Creatures
  Terence (D:2)
  An adder (D:1)
  3 dart slugs
  5 bats
  An endoplasm (D:1)
  2 giant cockroaches
  4 goblins
  9 hobgoblins
  3 quokkas
  8 ball pythons
  3 frilled lizards
  4 kobolds
  8 rats
52 creatures vanquished.

Notes
Turn   | Place    | Note
-------+----------+-------------------------------------------
     0 | D:1      | qw the Ghoul Fire Elementalist began the quest for the Orb.
     0 | D:1      | Reached XP level 1. HP: 14/14 MP: 2/2
     0 | D:1      | 0 ||| qw: Version: 0.1-a-90-g952f4b7
     0 | D:1      | 0 ||| qw: Game counter: 4220
     0 | D:1      | 0 ||| qw: Always use a shield: true
     0 | D:1      | 0 ||| qw: God list: Okawaru
     0 | D:1      | 0 ||| qw: Allow faded altars: false
     0 | D:1      | 0 ||| qw: Do Orc after D:15 true
     0 | D:1      | 0 ||| qw: Do second Lair branch before Depths: true
     0 | D:1      | 0 ||| qw: Lair rune preference: random
     0 | D:1      | 0 ||| qw: Plans: Normal
     0 | D:1      | 0 ||| PLANNING D:1-11
    14 | D:1      | 14 ||| Stepping ~*~*~tactically~*~*~ (stealth).
    72 | D:1      | HP: 2/14 [ball python (2)]
    80 | D:1      | Reached skill level 1 in Unarmed Combat
   442 | D:1      | Reached XP level 2. HP: 22/22 MP: 3/3
   510 | D:1      | Reached skill level 1 in Fighting
   669 | D:1      | Reached skill level 2 in Unarmed Combat
   702 | D:1      | 702 ||| Stepping ~*~*~tactically~*~*~ (stealth).
   707 | D:1      | 707 ||| Stepping ~*~*~tactically~*~*~ (stealth).
   721 | D:1      | 721 ||| Stepping ~*~*~tactically~*~*~ (stealth).
   789 | D:1      | Reached XP level 3. HP: 21/28 MP: 4/4
   904 | D:1      | 904 ||| Stepping ~*~*~tactically~*~*~ (stealth).
  1161 | D:1      | Found a faded altar of an unknown god.
  1264 | D:1      | Reached skill level 3 in Unarmed Combat
  1466 | D:1      | 1466 ||| READING scroll labelled PELOSU JOFIDO.
  1467 | D:1      | 1467 ||| READING scroll labelled FEC MI YFU.
  1468 | D:1      | 1468 ||| READING scroll labelled TEOSHR OTETI.
  1469 | D:1      | 1469 ||| READING scroll labelled UGEICU QIPP.
  1470 | D:1      | 1470 ||| DRINKING 2 fuming orange potions.
  1471 | D:1      | 1471 ||| DROPPING potion of magic.
  1510 | D:2      | 1510 ||| STAIRDANCE
  1515 | D:2      | 1515 ||| STAIRDANCE
  1561 | D:2      | 1561 ||| Stepping ~*~*~tactically~*~*~ (hiding).
  1633 | D:2      | 1633 ||| Stepping ~*~*~tactically~*~*~ (stealth).
  1644 | D:2      | 1644 ||| Stepping ~*~*~tactically~*~*~ (stealth).
  1646 | D:2      | 1646 ||| Stepping ~*~*~tactically~*~*~ (stealth).
  1650 | D:2      | Noticed Terence
  1651 | D:2      | 1651 ||| Stepping ~*~*~tactically~*~*~ (stealth).
  1653 | D:2      | 1653 ||| Stepping ~*~*~tactically~*~*~ (stealth).
  1659 | D:2      | 1659 ||| Stepping ~*~*~tactically~*~*~ (stealth).
  1663 | D:2      | 1663 ||| Stepping ~*~*~tactically~*~*~ (stealth).
  1669 | D:2      | Reached XP level 4. HP: 28/35 MP: 5/5
  1669 | D:2      | 1669 ||| FLEEEEING.
  1670 | D:2      | 1670 ||| FLEEEEING.
  1671 | D:2      | 1671 ||| FLEEEEING.
  1672 | D:2      | 1672 ||| FLEEEEING.
  1673 | D:2      | 1673 ||| FLEEEEING.
  1674 | D:2      | 1674 ||| FLEEEEING.
  1675 | D:2      | 1675 ||| FLEEEEING.
  1676 | D:2      | 1676 ||| FLEEEEING.
  1677 | D:2      | 1677 ||| FLEEEEING.
  1678 | D:2      | 1678 ||| FLEEEEING.
  1679 | D:2      | 1679 ||| STAIRDANCE
  1736 | D:1      | 1736 ||| UPGRADING to +0 cloak.
  1741 | D:1      | 1741 ||| READING scroll labelled NISIQA TINAUNO.
  1744 | D:2      | 1744 ||| STAIRDANCE
  1759 | D:2      | HP: 7/35 [Terence/+0 hand axe (3)]
  1762 | D:2      | HP: 3/35 [Terence/+0 hand axe (2)]
  1766 | D:2      | Killed Terence
  1767 | D:2      | Reached skill level 4 in Unarmed Combat
  1767 | D:2      | 1767 ||| STAIRDANCE
  2078 | D:2      | 2078 ||| Stepping ~*~*~tactically~*~*~ (stealth).
  2217 | D:2      | 2217 ||| FLEEEEING.
  2220 | D:2      | 2220 ||| FLEEEEING.
  2221 | D:2      | 2221 ||| FLEEEEING.
  2222 | D:2      | 2222 ||| FLEEEEING.
  2233 | D:2      | 2233 ||| STAIRDANCE
  2278 | D:1      | 2278 ||| UPGRADING to +0 scale mail.
  2288 | D:1      | 2288 ||| DROPPING +0 robe.
  2402 | D:2      | HP: 5/35 [gnoll/+0 halberd (6)]
  2402 | D:2      | HP: 1/35 [gnoll/+0 halberd (4)]
  2403 | D:2      | Slain by a giant cockroach

Levels and vault maps discovered:
D:1:      doesnt_arrival_eight_statues, layout_basic,
          ebering_ecumenical_altar_box, ebering_dispersal_statue_hall,
          st_stairs_7, minmay_circled_x
D:2:      wander_river, layout_basic, uniq_sigmund, uniq_terence

Skill      XL: |  1  2  3  4 |
---------------+-------------+-----
Unarmed Combat | 1 2 3 4 |  4.1
Fighting       | 1 |  1.4
Dodging        | |  1.7
Stealth        | |  2.1
Spellcasting   | |  1.7
Conjurations   | |  0.7
Fire Magic     | |  2.4

Action                   |  1- 3 |  4- 6 || total
-------------------------+-------+-------++-------
Melee: Unarmed           |   144 |    52 ||   196
       Punch             |     5 |     1 ||     6
  Use: Scroll            |     4 |     1 ||     5
       Potion            |     1 |       ||     1
Armor: Robe              |    23 |     6 ||    29
       Scale mail        |       |     5 ||     5
Dodge: Dodged            |    89 |    29 ||   118

Table legend:
 A = Non-vault XP
 B = Vault XP
 C = Vault XP percentage of total XP
 D = Non-vault monster count
 E = Vault monster count
 F = Vault count percentage of total count
                 A         B        C        D         E       F
            +---------+---------+-------+---------+---------+-------
      Total |      91 |      42 |  31.6 |      46 |       6 |  11.5
            +---------+---------+-------+---------+---------+-------
        D:1 |      65 |       6 |   8.5 |      31 |       5 |  13.9
        D:2 |      26 |      36 |  58.1 |      15 |       1 |   6.2
            +---------+---------+-------+---------+---------+-------
